 Dungeon Crawl Stone Soup version 0.24.1-8-ga250c9d538 (webtiles) character file.

Game seed: 16689991178122862510, levelgen mode: deterministic

380 nightchill the Sneak (level 6, -11/32 HPs)
             Began as a Vine Stalker Assassin on May 3, 2020.
             Mangled by a troll (15 damage)
             ... on level 4 of the Dungeon.
             The game lasted 00:08:56 (3283 turns).

nightchill the Sneak (Vine Stalker Assassin)        Turns: 3283, Time: 00:08:57

Health: -11/32     AC:  4    Str: 15    XL:     6   Next: 75%
Magic:  0/7        EV: 11    Int: 11    God:
Gold:   194        SH:  0    Dex: 16    Spells: 5/5 levels left

rFire    . . .     SeeInvis .   m - +3 short sword (elec)
rCold    . . .     Gourm    .   (no shield)
rNeg     . . .     Faith    .   j - +0 leather armour (curse)
rPois    .         Spirit   +   (no helmet)
rElec    .         Reflect  .   c - +0 cloak
rCorr    .         Harm     .   (no gloves)
MR       .....                  (no boots)
Stlth    +++.......             (no amulet)
HPRegen  0.50/turn              (no ring)
MPRegen  0.10/turn              (no ring)

@: no status effects
A: fangs 2, regeneration 1, magic shield, antimagic bite, no potion heal 3, rot
immunity
a: no special abilities


You were on level 4 of the Dungeon.
You were not hungry.

You visited 1 branch of the dungeon, and saw 4 of its levels.

You collected 194 gold pieces.

Inventory:

Hand Weapons
 a - a +2 dagger
 m - a +3 short sword of electrocution (weapon)
Missiles
 d - 8 poisoned darts
 e - 2 curare-tipped darts (quivered)
 l - 3 javelins
Armour
 b - a +0 robe
 c - a +0 cloak (worn)
 i - a +0 scale mail
 j - a cursed +0 leather armour (worn)
Jewellery
 g - a +3 ring of protection {unknown}
Potions
 h - a potion of curing
 k - a potion of lignification {unknown}
 n - 2 potions of heal wounds {unknown}
 o - a potion of mutation {unknown}
 q - a potion of ambrosia {unknown}
Comestibles
 f - 9 rations
 p - 9 chunks of flesh


   Skills:
 + Level 3.4 Fighting
 * Level 4.6 Short Blades
 - Level 1.7 Throwing
 - Level 0.7 Dodging
 + Level 6.4 Stealth


You had 5 spell levels left.
You didn't know any spells.
Your spell library was empty.

Dungeon Overview and Level Annotations

Branches:
Dungeon (4/15)
 Temple: D:4-7

Altars:
Okawaru

Annotations:
D:3 Sigmund


Innate Abilities, Weirdness & Mutations

You have extremely sharp teeth.
Your natural rate of healing is unusually fast.
When hurt, damage is shared between your health and your magic reserves.
Your bite disrupts and absorbs the magic of your enemies.
Potions cannot restore your health.
You are immune to rotting.


Message History

You climb downwards.
There is a stone staircase leading up here.
A troll comes into view.
The troll moves out of view.
Found 15 gold pieces.
The troll bites you. The troll claws you. The troll closely misses you.
The troll bites you!!
* * * LOW HITPOINT WARNING * * *
The troll claws you but does no damage. The troll claws you!
* * * LOW HITPOINT WARNING * * *
Okay, then.
You aren't carrying any scrolls.
You aren't carrying any items that you can evoke.
Sorry, you're not good enough to have a special ability.
Press: ? - help, v - describe, . - travel
Here: a troll The floor.
You aren't carrying any scrolls.
It was a potion of curing.
That felt strangely inert.
The troll bites you!
You die...

#....<.#.....#
#.####...###.#
##.## #.# #.#
#.# #.# #.#
#.####.#
.....#.#
####T#.##
#...@...#
#$#####.# .#
.# .# .# .#


You could see a troll.

Vanquished Creatures
  Purgy (D:2)
  An orc priest (D:3)
  Jessica (D:2)
  Terence (D:3)
  Robin (D:2)
  7 adders
  An ooze (D:3)
  4 worms
  5 dart slugs
  3 leopard geckos
  5 orcs (D:3)
  6 bats
  6 giant cockroaches
  17 goblins
  8 hobgoblins
  9 jackals
  A quokka (D:2)
  4 frilled lizards
  6 kobolds
  6 rats
93 creatures vanquished.

Notes
Turn   | Place    | Note
-------+----------+-------------------------------------------
     0 | D:1      | nightchill the Vine Stalker Assassin began the quest for
                  | the Orb.
     0 | D:1      | Reached XP level 1. HP: 11/11 MP: 2/2
   268 | D:1      | Reached skill level 5 in Stealth
   268 | D:1      | Reached XP level 2. HP: 8/15 MP: 3/3
   714 | D:1      | Reached XP level 3. HP: 18/18 MP: 4/4
  1592 | D:2      | Gained mutation: Your natural rate of healing is unusually
                  | fast. [Vine Stalker growth]
  1592 | D:2      | Reached XP level 4. HP: 18/23 MP: 3/5
  1691 | D:2      | Noticed Jessica
  1697 | D:2      | Killed Jessica
  1855 | D:2      | Reached XP level 5. HP: 27/27 MP: 6/6
  2154 | D:2      | Noticed Robin
  2195 | D:2      | Killed Robin
  2229 | D:2      | Found an iron altar of Okawaru.
  2470 | D:3      | Noticed Purgy
  2542 | D:2      | Killed Purgy
  2542 | D:2      | Reached skill level 6 in Stealth
  2542 | D:2      | Reached XP level 6. HP: 19/32 MP: 3/7
  2650 | D:3      | Noticed Sigmund
  2763 | D:3      | Noticed Terence
  2765 | D:3      | Killed Terence
  3280 | D:4      | Noticed a troll
  3283 | D:4      | Mangled by a troll

Levels and vault maps discovered:
D:1:      lightli_arrival_statuegarden, layout_basic
D:2:      layout_loops_cross, okawaru_ov_weapons_minmay, uniq_robin,
          uniq_jessica
D:3:      layout_basic, uniq_sigmund, uniq_purgy, uniq_terence
D:4:      layout_loops_ring, first_ration, uniq_ijyb

Skill      XL: |  1  2  3  4  5 |
---------------+----------------+-----
Short Blades   | 2 3 4 |  4.6
Fighting       | 2 3 |  3.4
Stealth        | 5 6 |  6.4
Throwing       | |  1.7
Dodging        | |  0.7

Action                   |  1- 3 |  4- 6 || total
-------------------------+-------+-------++-------
Melee: Dagger            |    79 |    17 ||    96
       Bite              |    14 |    36 ||    50
       Short sword       |       |   150 ||   150
Throw: Dart              |       |     3 ||     3
  Use: Scroll            |       |     4 ||     4
       Potion            |       |     1 ||     1
 Stab: Sleeping          |     5 |     6 ||    11
  Eat: Chunk             |     2 |     6 ||     8
Armor: Leather armour    |    29 |    43 ||    72
Dodge: Dodged            |    40 |    78 ||   118
